 Dungeon Crawl Stone Soup version 0.26.1-11-gd32895ea62 (webtiles) character file.

Game seed: 1521345036004577616

77 leafyfresh the Magician (level 4, 0/32 HPs)
             Began as a Gnoll Hedge Wizard on June 27, 2021.
             Shot with an arrow by a centaur (8 damage)
             ... on level 2 of the Dungeon.
             The game lasted 00:02:42 (2115 turns).

leafyfresh the Magician (Gnoll Hedge Wizard)        Turns: 2115, Time: 00:02:42

Health: 0/32       AC:  3    Str: 12    XL:     4   Next: 34%
Magic:  8/13       EV: 15    Int: 17    God:
Gold:   65         SH:  0    Dex: 15    Spells: 11/17 levels left

rFire    . . .     SeeInvis .   a - +0 dagger
rCold    . . .     Faith    .   (no shield)
rNeg     . . .     Spirit   .   b - +0 robe
rPois    .         Reflect  .   c - +0 hat
rElec    .         Harm     .   (no cloak)
rCorr    .         Rampage  .   (no gloves)
Will     .....                  e - +0 pair of boots
Stlth    +++.......             (no amulet)
HPRegen  0.10/turn              (no ring)
MPRegen  0.13/turn              (no ring)

@: no status effects
A: distributed training, fangs 1, strong nose
a: no special abilities


You were on level 2 of the Dungeon.
You visited 1 branch of the dungeon, and saw 2 of its levels.

You collected 65 gold pieces.

Inventory:

Hand Weapons
 a - a +0 dagger (weapon)
Armour
 b - a +0 robe (worn)
 c - a +0 hat (worn)
 e - a +0 pair of boots (worn)
Scrolls
 d - a scroll of enchant weapon {unknown}
 k - a scroll of fog {unknown}
 l - a scroll of remove curse {unknown}
Potions
 f - a potion of lignification {unknown}
 g - a potion of berserk rage {unknown}
 h - a potion of curing {unknown}
 i - a potion of might {unknown}
 j - a potion of degeneration {unknown}


   Skills:
 + Level 1.1 Fighting
 + Level 1.1 Short Blades
 + Level 1.1 Long Blades
 + Level 1.1 Axes
 + Level 1.1 Maces & Flails
 + Level 1.1 Polearms
 + Level 1.1 Staves
 + Level 1.1 Slings
 + Level 1.1 Bows
 + Level 1.1 Crossbows
 + Level 1.1 Throwing
 + Level 1.1 Armour
 + Level 4.6 Dodging
 + Level 4.2 Stealth
 + Level 1.1 Shields
 + Level 1.1 Unarmed Combat
 + Level 7.2 Spellcasting
 + Level 2.2 Conjurations
 + Level 0.8 Hexes
 + Level 2.2 Summonings
 + Level 0.8 Necromancy
 + Level 2.2 Translocations
 + Level 0.8 Transmutations
 + Level 0.8 Fire Magic
 + Level 0.8 Ice Magic
 + Level 0.8 Air Magic
 + Level 0.8 Earth Magic
 + Level 0.8 Poison Magic
 + Level 1.2 Invocations
 + Level 1.1 Evocations


You had 11 spell levels left.
You knew the following spells:

 Your Spells              Type           Power        Failure   Level
a - Magic Dart            Conj           52%          4%          1
b - Mephitic Cloud        Conj/Pois/Air  10%          21%         3
c - Blink                 Tloc           N/A          7%          2

Your spell library contained the following spells:

 Spells                   Type           Power        Failure   Level
 Call Imp                 Summ           13%          7%          2
 Slow                     Hex            9%           12%         2
 Conjure Flame            Conj/Fire      11%          19%         3


Dungeon Overview and Level Annotations

Branches:
Dungeon (2/15)

Altars:
Yredelemnul

Annotations:
D:2 1 runed translucent door


Innate Abilities, Weirdness & Mutations

Your experience applies equally to all skills.
You have very sharp teeth.
Your uncanny sense of smell can sniff out nearby items.


Message History

The centaur misses you. The centaur hits you!
Casting: Magic Dart (safe; 4% risk of failure)
Confirm with . or Enter, or press ? or * to list all spells.
You blink.
Casting: Blink (safe; 7% risk of failure)
Confirm with . or Enter, or press ? or * to list all spells.
The spell is quite dangerous to cast (21% risk of failure)!
Continue anyway?
Aiming: Mephitic Cloud (quite dangerous; 21% risk of failure)
Press: ? - help, Shift-Dir - straight line, f - centaur
Aim: a centaur, quivering 22 arrows (translocational energy, lightly wounded)
The ball explodes into a vile cloud!
The stinking cloud engulfs the centaur but does no damage.
The centaur is lightly wounded.
The centaur wields a +0 shortbow.
The centaur shoots an arrow.
The arrow hits you.
* * * LOW HITPOINT WARNING * * *
You are too injured to fight recklessly!
Unknown command.
The centaur shoots an arrow.
The arrow hits you!
You die...

#####.## #.# #.# #.#
## #†#### . #....##
####### #.##.....##
#.....#
##.#.......#####..☼☼○#
...........<...(@..c☼#
#..........#####..☼°☼#
#.##......## #....>#
#. ##....## ###.### #
#.#### #.# #.# #.#
##'## ####.####
##...## #.......#
##....)## ##.##.##†#


You could see a centaur.

Vanquished Creatures
  A human skeleton (D:2)
  An adder (D:2)
  2 oozes
  3 giant cockroaches (D:1)
  2 hobgoblins
  3 jackals (D:2)
  8 kobolds
  A ball python (D:2)
  5 bats
  3 goblins
  5 rats
34 creatures vanquished.

Notes
Turn   | Place    | Note
-------+----------+-------------------------------------------
     0 | D:1      | leafyfresh the Gnoll Hedge Wizard began the quest for the
                  | Orb.
     0 | D:1      | Reached XP level 1. HP: 13/13 MP: 8/8
   516 | D:1      | Reached XP level 2. HP: 17/19 MP: 10/10
  1057 | D:1      | Reached XP level 3. HP: 25/25 MP: 0/11
  1334 | D:2      | Found a runed translucent door.
  1334 | D:2      | Noticed a human
  1338 | D:2      | Found a basalt altar of Yredelemnul.
  1356 | D:2      | Reached skill level 1 in Invocations
  1631 | D:2      | Reached skill level 1 in Fighting
  1631 | D:2      | Reached skill level 1 in Short Blades
  1631 | D:2      | Reached skill level 1 in Long Blades
  1631 | D:2      | Reached skill level 1 in Axes
  1631 | D:2      | Reached skill level 1 in Maces & Flails
  1631 | D:2      | Reached skill level 1 in Polearms
  1631 | D:2      | Reached skill level 1 in Staves
  1631 | D:2      | Reached skill level 1 in Slings
  1631 | D:2      | Reached skill level 1 in Bows
  1631 | D:2      | Reached skill level 1 in Crossbows
  1631 | D:2      | Reached skill level 1 in Throwing
  1631 | D:2      | Reached skill level 1 in Armour
  1631 | D:2      | Reached skill level 1 in Shields
  1631 | D:2      | Reached skill level 1 in Unarmed Combat
  1631 | D:2      | Reached skill level 1 in Evocations
  1757 | D:2      | Reached XP level 4. HP: 32/32 MP: 13/13
  2027 | D:2      | Noticed a centaur
  2042 | D:2      | Learned a level 3 spell: Mephitic Cloud
  2045 | D:2      | Learned a level 2 spell: Blink
  2115 | D:2      | Shot with an arrow by a centaur

Illustrated notes

Levels and vault maps discovered:
D:1:      roderic_chinese_lattice_arrival, layout_basic
D:2:      layout_loops_corners, dk_yredelemnul_ordeal, uniq_terence

Skill      XL: |  1  2  3 |
---------------+----------+-----
Conjurations   | 2 |  2.2
Summonings     | 2 |  2.2
Translocations | 2 |  2.2
Invocations    | 1 |  1.2
Fighting       | 1 |  1.1
Short Blades   | 1 |  1.1
Long Blades    | 1 |  1.1
Axes           | 1 |  1.1
Maces & Flails | 1 |  1.1
Polearms       | 1 |  1.1
Staves         | 1 |  1.1
Slings         | 1 |  1.1
Bows           | 1 |  1.1
Crossbows      | 1 |  1.1
Throwing       | 1 |  1.1
Armour         | 1 |  1.1
Shields        | 1 |  1.1
Unarmed Combat | 1 |  1.1
Evocations     | 1 |  1.1
Dodging        | |  4.6
Stealth        | |  4.2
Spellcasting   | |  7.2
Hexes          | |  0.8
Necromancy     | |  0.8
Transmutations | |  0.8
Fire Magic     | |  0.8
Ice Magic      | |  0.8
Air Magic      | |  0.8
Earth Magic    | |  0.8
Poison Magic   | |  0.8

Action                   |  1- 3 |  4- 6 || total
-------------------------+-------+-------++-------
Melee: Dagger            |    90 |    37 ||   127
       Bite              |    11 |     5 ||    16
 Cast: Magic Dart        |    17 |    21 ||    38
       Mephitic Cloud    |       |     1 ||     1
       Blink             |       |     1 ||     1
 Stab: Sleeping          |     2 |       ||     2
Armor: Robe              |    26 |    11 ||    37
Dodge: Dodged            |    69 |    51 ||   120
